 Dungeon Crawl Stone Soup version 0.25-a0-339-gb37b713d4c (webtiles) character file.

Game seed: 11909914480890834422, levelgen mode: deterministic

212 pk666 the Magician (level 5, 0/28 HPs)
             Began as a Deep Elf Wizard on Dec 28, 2019.
             Slain by a worker ant (7 damage)
             ... on level 3 of the Dungeon.
             The game lasted 00:04:45 (3141 turns).

pk666 the Magician (Deep Elf Wizard)                Turns: 3141, Time: 00:04:45

Health: 0/28       AC:  3    Str:  4    XL:     5   Next: 58%
Magic:  9/15       EV: 13    Int: 24    God:
Gold:   141        SH:  0    Dex: 13    Spells: 6/15 levels left

rFire    . . .     SeeInvis .   e - +0 dagger
rCold    . . .     Gourm    .   (no shield)
rNeg     . . .     Faith    .   a - +0 robe
rPois    .         Spirit   .   b - +0 hat
rElec    .         Reflect  .   l - +0 cloak
rCorr    .         Harm     .   (no gloves)
MR       .....                  (no boots)
Stlth    ++........             (no amulet)
HPRegen  0.09/turn              (no ring)
MPRegen  0.14/turn              (no ring)

@: lethally poisoned (0 -> -12)
A: no striking features
a: no special abilities


You were on level 3 of the Dungeon.
You were not hungry.

You visited 1 branch of the dungeon, and saw 4 of its levels.

You collected 141 gold pieces.

Inventory:

Hand Weapons
 e - a +0 dagger (weapon)
Armour
 a - a +0 robe (worn)
 b - a +0 hat (worn)
 l - a +0 cloak (worn)
Wands
 k - a wand of digging (5)
Scrolls
 c - a scroll of identify {unknown}
 f - a scroll of remove curse
 h - a scroll of blinking {unknown}
 j - 2 scrolls of teleportation {unknown}
 o - 2 scrolls of amnesia {unknown}
Potions
 g - 2 potions of invisibility {unknown}
 i - 2 potions of magic {unknown}
 n - a potion of resistance {unknown}
 p - a potion of curing {unknown}
Comestibles
 d - 6 rations


   Skills:
 - Level 3.4 Dodging
 - Level 2.4 Stealth
 + Level 5.7 Spellcasting
 + Level 3.1 Conjurations
   Level 1.1 Summonings
 - Level 1.1 Translocations
 + Level 1.7 Fire Magic
 + Level 1.6 Air Magic
 + Level 1.7 Poison Magic


You had 6 spell levels left.
You knew the following spells:

 Your Spells              Type           Power        Failure   Level  Hunger
a - Magic Dart            Conj           ###.         2%          1    None
b - Blink                 Tloc           N/A          8%          2    None
c - Conjure Flame         Conj/Fire      ###.....     9%          3    #......
d - Mephitic Cloud        Conj/Pois/Air  ###.....     10%         3    #......

Your spell library contained the following spells:

 Spells                   Type           Power        Failure   Level  Hunger
 Call Imp                 Summ           ##......     8%          2    None
 Slow                     Hex            #.......     12%         2    None


Dungeon Overview and Level Annotations

Branches:
Dungeon (4/15)
 Temple: D:4-7

Altars:


Message History

You feel sick.
There is a stone staircase leading up here.
You feel sick. The worker ant bites you.
* * * LOW HITPOINT WARNING * * *
You are lethally poisoned!
The worker ant poisons you!
You climb upwards.
Reactivating autopickup.
* * * LOW HITPOINT WARNING * * *
You feel sick.
There is a stone staircase leading down here.
Casting: Magic Dart (safe; 2% risk of failure)
Confirm with . or Enter, or press ? or * to list all spells.
You don't know that spell.
Casting: Magic Dart (safe; 2% risk of failure)
Confirm with . or Enter, or press ? or * to list all spells.
You blink.
* * * LOW HITPOINT WARNING * * *
You feel sick. The worker ant bites you!
You die...

#........(........#.....#.#
#......#..........#.....#.#
#.....#.#...#+#####.....#.#
####.#._.#..#.# ####....#
#..#.#...#.# ######
#...#....#.# #..........#
#....###.#.# #.#### #.@.#
## ##.# ##a.# .# #..# #.§#
+######.## #### ......†.#
.....#### .....# .....#
######


You could see a worker ant.

Vanquished Creatures
  An orc priest (D:4)
  Jessica (D:2)
  4 gnolls (D:3)
  5 adders
  A worm (D:3)
  3 leopard geckos
  2 orcs (D:3)
  A giant cockroach (D:3)
  4 goblins
  10 hobgoblins
  8 jackals (D:3)
  2 quokkas
  A ball python (D:2)
  6 bats
  5 frilled lizards
  4 kobolds
  8 rats
66 creatures vanquished.

Notes
Turn   | Place    | Note
-------+----------+-------------------------------------------
     0 | D:1      | pk666 the Deep Elf Wizard began the quest for the Orb.
     0 | D:1      | Reached XP level 1. HP: 10/10 MP: 7/7
   524 | D:2      | Reached XP level 2. HP: 15/15 MP: 3/9
   550 | D:2      | Noticed Jessica
   620 | D:2      | Killed Jessica
   620 | D:2      | Reached skill level 5 in Spellcasting
   620 | D:2      | Reached XP level 3. HP: 17/19 MP: 5/11
   648 | D:2      | Learned a level 2 spell: Blink
   652 | D:2      | Learned a level 3 spell: Conjure Flame
   656 | D:2      | Learned a level 3 spell: Mephitic Cloud
  1345 | D:2      | Reached XP level 4. HP: 24/24 MP: 11/13
  1727 | D:3      | Found a faded altar of an unknown god.
  2130 | D:3      | Reached skill level 1 in Fire Magic
  2136 | D:3      | Reached skill level 1 in Poison Magic
  2343 | D:3      | Reached skill level 1 in Air Magic
  2419 | D:3      | Reached XP level 5. HP: 28/28 MP: 2/15
  3141 | D:3      | Slain by a worker ant

Levels and vault maps discovered:
D:1:      minmay_arrival_five_plusses, layout_basic
D:2:      layout_basic, uniq_jessica
D:3:      layout_basic, chequers_ecumenical_altar_simple_redux
D:4:      layout_basic, okawaru_trees_1, lemuel_doored_altar, serial_shops,
          shop, first_ration

Skill      XL: |  1  2  3  4  5 |
---------------+----------------+-----
Dodging        | 3 |  3.4
Spellcasting   | 5 |  5.7
Conjurations   | 2 3 |  3.1
Fire Magic     | 1 |  1.7
Poison Magic   | 1 |  1.7
Air Magic      | 1 |  1.6
Stealth        | |  2.4
Summonings     | |  1.1
Translocations | |  1.1

Action                   |  1- 3 |  4- 6 || total
-------------------------+-------+-------++-------
Melee: Dagger            |       |    20 ||    20
 Cast: Magic Dart        |    49 |   123 ||   172
       Blink             |       |     1 ||     1
  Use: Scroll            |       |     1 ||     1
  Eat: Chunk             |     1 |     6 ||     7
Armor: Robe              |       |    17 ||    17
Dodge: Dodged            |     1 |    55 ||    56

Table legend:
 A = Non-vault XP
 B = Vault XP
 C = Vault XP percentage of total XP
 D = Non-vault monster count
 E = Vault monster count
 F = Vault count percentage of total count
                 A         B        C        D         E       F
            +---------+---------+-------+---------+---------+-------
      Total |     266 |      37 |  12.2 |      65 |       1 |   1.5
            +---------+---------+-------+---------+---------+-------
        D:1 |      11 |       0 |   0.0 |       8 |       0 |   0.0
        D:2 |      72 |      37 |  33.9 |      23 |       1 |   4.2
        D:3 |     140 |       0 |   0.0 |      33 |       0 |   0.0
        D:4 |      43 |       0 |   0.0 |       1 |       0 |   0.0
            +---------+---------+-------+---------+---------+-------
